 Dungeon Crawl Stone Soup version 0.31-a0-542-gdc2a67831c (webtiles) character file.

Game seed: 3555066232397392695

19 arthad the Shield-Bearer (level 2, -1/24 HPs)
             Began as a Formicid Fighter on Aug 14, 2023.
             Succumbed to a goblin's poison
             ... on level 1 of the Dungeon.
             The game lasted 00:00:59 (338 turns).

arthad the Shield-Bearer (Formicid Fighter)          Turns: 338, Time: 00:00:59

Health: -1/24      AC:  6    Str: 20    XL:     2   Next: 95%
Magic:  2/2        EV:  9    Int:  7    God:
Gold:   23         SH:  5    Dex: 13    Spells: 1/1 levels left

rFire   . . .        a - +0 war axe
rCold   . . .        c - +0 buckler
rNeg    . . .        b - +0 scale mail
rPois   .            (helmet unavailable)
rElec   .            (no cloak)
rCorr   .            (no gloves)
SInv    +            (no boots)
Will    .....        (no amulet) Stlth
                     (no ring)
HPRegen 0.24/turn    (no ring)
MPRegen 0.08/turn

%: no passive effects
@: mighty, lethally poisoned (-1 -> -7)
A: permanent stasis, dig shafts and tunnels, antennae 3, four strong arms
a: Dig, Shaft Self


You were on level 1 of the Dungeon.
You visited 1 branch of the dungeon, and saw 1 of its levels.

You collected 23 gold pieces.

Inventory:

Hand Weapons
 a - a +0 war axe (weapon)
Missiles
 e - 3 poisoned darts
Armour
 b - a +0 scale mail (worn)
 c - a +0 buckler (worn)


   Skills:
 + Level 3.6 Fighting
 + Level 2.3 Axes
 + Level 3.5 Armour
 + Level 4.3 Shields


You had one spell level left.
You didn't know any spells.
Your spell library was empty.

Dungeon Overview and Level Annotations

Branches:
Dungeon (1/15)

Altars:

Shops:
D:1 :*


Innate Abilities, Weirdness & Mutations

You cannot be hasted, slowed, berserked, paralysed or teleported.
You can dig through walls and to a lower floor.
You have a pair of large antennae on your head. (SInv)
Your four strong arms can wield two-handed weapons with a shield.


Message History

The goblin is moderately wounded.
You closely miss the kobold.
You feel very sick. The kobold hits you with a +0 whip.
You block the goblin's attack.
You barely miss the goblin.
The goblin is moderately wounded.
You hit the kobold.
You feel sick. The kobold barely misses you. You block the goblin's attack.
The goblin hits you with a +2 dagger of venom.
You are lethally poisoned!
You block the kobold's attack.
You are too injured to fight recklessly!
You are too injured to fight recklessly!
You are too injured to fight recklessly!
You are too injured to fight recklessly!
You are too injured to fight recklessly!
You are too injured to fight recklessly!
You are too injured to fight recklessly!
You are too injured to fight recklessly!
You are too injured to fight recklessly!
You are too injured to fight recklessly!
You are too injured to fight recklessly!
You are too injured to fight recklessly!
You are too injured to fight recklessly!
You feel very mighty all of a sudden.
* * * LOW HITPOINT WARNING * * *
You feel very sick. The goblin hits you but does no damage.
You block the kobold's attack.
You slash the goblin!
You kill the goblin!
You slash the kobold!
You kill the kobold!
* * * LOW HITPOINT WARNING * * *
You feel very sick. The bat hits you but does no damage.
You slash the bat!
You kill the bat!
* * * LOW HITPOINT WARNING * * *
You feel very sick.
You die...

#'###..........######.
....#..........#......
....#..........#.....#
....#.......).†...#
....#...........### ###.
....#.............#.?...
....#..............:$#
....###.########.###.#
#.....#. #@.# #
#####.#.#### #))#.... #
#.#..... ........ ##
#.##...# ##....... .#
#.##...# #........
.####.#....# #........
......#....# #........
...####....#####.#######
##......................


There were no monsters in sight!

Vanquished Creatures
  3 ball pythons (D:1)
  2 giant cockroaches (D:1)
  A goblin (D:1)
  4 jackals (D:1)
  2 kobolds (D:1)
  2 bats (D:1)
  3 frilled lizards (D:1)
17 creatures vanquished.

Notes
Turn   | Place    | Note
-------+----------+-------------------------------------------
     0 | D:1      | arthad the Formicid Fighter began the quest for the Orb.
     0 | D:1      | Reached XP level 1. HP: 18/18 MP: 1/1
    44 | D:1      | Reached XP level 2. HP: 16/24 MP: 2/2
   113 | D:1      | Found Jyffob's Book Shoppe.
   165 | D:1      | Found Duhu's Assorted Antiques.
   337 | D:1      | HP: 1/24 [poisoned by a goblin]
   338 | D:1      | Succumbed to a goblin's poison

Illustrated notes

Levels and vault maps discovered:
D:1:      dpeg_arrival_boxorama, layout_basic, serial_shops,
          nicolae_shop_window_shopping, shop, nicolae_shop_tiny_statue_garden,
          nicolae_shop_trees, minmay_pentomino_t4

Action                     || total
---------------------------++-------
  Melee: War axe           ||    44
    Use: Potion            ||     1
 Armour: Scale mail        ||    34
  Dodge: Dodged            ||    24
  Block: Buckler           ||    15

Table legend: (Time is in decaauts)
 A = Elapsed time spent in this place.
 B = Non-inter-level travel time spent in this place.
 C = Inter-level travel time spent in this place.
 D = Time resting spent in this place.
 E = Time spent auto-exploring this place.
 F = Levels seen in this place.
 G = Mean time per level.
                   A        B        C        D        E       F      G
               +--------+--------+--------+--------+--------+-----+--------+
         Total |    357 |    357 |      0 |      0 |    251 |   1 |  357.0 |
       Dungeon |    357 |    357 |      0 |      0 |    251 |   1 |  357.0 |
               +--------+--------+--------+--------+--------+-----+--------+

Top non-repeatable levels by time:
     D:1: 357 daAuts
